 Dungeon Crawl Stone Soup version 0.25-a0-647-gd602d06 (webtiles) character file.

Game seed: 7131797037682159079, levelgen mode: deterministic

121 tatocazan the Bolt Thrower (level 5, -2/41 HPs)
             Began as a Formicid Hunter on Mar 21, 2020.
             Slain by an orc
             ... wielding a +0 hand axe
              (4 damage)
             ... on level 3 of the Dungeon.
             The game lasted 00:03:40 (2689 turns).

tatocazan the Bolt Thrower (Formicid Hunter)        Turns: 2689, Time: 00:03:41

Health: -2/41      AC:  3    Str: 17    XL:     5   Next: 26%
Magic:  5/5        EV: 12    Int: 11    God:
Gold:   84         SH:  0    Dex: 11    Spells: 4/4 levels left

rFire    + . .     SeeInvis +   a - +1 hand crossbow
rCold    + . .     Gourm    .   (no shield)
rNeg     . . .     Faith    .   c - +0 leather armour
rPois    .         Spirit   .   (helmet unavailable)
rElec    .         Reflect  .   j - scarf {rC+ rF+}
rCorr    .         Harm     .   (no gloves)
MR       .....                  (no boots)
Stlth    +.........             (no amulet)
HPRegen  0.13/turn              (no ring)
MPRegen  0.09/turn              (no ring)

@: flying
A: permanent stasis, dig shafts and tunnels, four strong arms, antennae 3
a: Dig, Shaft Self


You were on level 3 of the Dungeon.
You were not hungry.

You visited 1 branch of the dungeon, and saw 3 of its levels.

You collected 84 gold pieces.

Inventory:

Hand Weapons
 a - a +1 hand crossbow (weapon)
 b - a +0 short sword
Missiles
 d - 18 bolts (quivered)
Armour
 c - a +0 leather armour (worn)
 j - a scarf of resistance (worn)
Scrolls
 e - a scroll of magic mapping {unknown}
 g - a scroll of enchant weapon {unknown}
 h - 2 scrolls of teleportation {unknown}
 i - 3 scrolls of identify {unknown}
 l - a scroll of enchant armour {unknown}
 n - a scroll of amnesia {unknown}
Potions
 k - 2 potions of flight
Comestibles
 f - 6 rations


   Skills:
 + Level 3.3 Fighting
 + Level 4.6 Crossbows
 + Level 2.1 Armour
 + Level 2.7 Dodging
 - Level 1.4 Stealth


You had 4 spell levels left.
You didn't know any spells.
Your spell library was empty.

Dungeon Overview and Level Annotations

Branches:
Dungeon (3/15)

Altars:

Annotations:
D:2 Sigmund


Innate Abilities, Weirdness & Mutations

You cannot be hasted, slowed, berserked, paralysed or teleported.
You can dig through walls and to a lower floor.
Your four strong arms can wield two-handed weapons with a shield.
You have a pair of large antennae on your head. (SInv)


Message History

You take 1 damage, and have 5/41 hp.
Firing (i - inventory)
d - 20 bolts (quivered)
Press: ? - help, Shift-Dir - straight line, f - orc
Aim: an orc, wielding a +0 hand axe and wearing a +0 chain mail You shoot a bolt.
The bolt hits the orc but does no damage.
The orc hits you but does no damage.
Firing (i - inventory)
d - 19 bolts (quivered)
Press: ? - help, Shift-Dir - straight line, f/p - orc
Aim: an orc, wielding a +0 hand axe and wearing a +0 chain mail You shoot a bolt.
The bolt hits the orc.
The orc is heavily wounded.
The orc hits you with a +0 hand axe.
* * * LOW HITPOINT WARNING * * *
You take 3 damage, and have 2/41 hp.
It was a potion of flight.
You feel very buoyant.
You fly up into the air.
The orc hits you with a +0 hand axe.
You die...

#.......#.#.#.#.#.. ..
#######.#.....#.#### ##
#.........#.#.#
#.###.##..#.#.# .# #.#
#.##..#.#.##### .####
#.###)..................
#.##...#......######..#####
#.##...#.##o####o.........#
#.##...#.#@.og(oo.........#
#..'.....#######.(........#
####...### #..<.......#
#...# #..........# #...#
#...oo.....# #####
#.....o....# #(......)..#
#..........# #########'##


You could see 5 orcs and a goblin.

Vanquished Creatures
  Terence (D:3)
  2 adders
  6 dart slugs
  A leopard gecko (D:1)
  5 orcs (D:3)
  5 bats
  4 giant cockroaches
  5 goblins
  5 hobgoblins
  7 jackals
  8 kobolds
  2 frilled lizards (D:1)
  4 rats
55 creatures vanquished.

Notes
Turn   | Place    | Note
-------+----------+-------------------------------------------
     0 | D:1      | tatocazan the Formicid Hunter began the quest for the Orb.
     0 | D:1      | Reached XP level 1. HP: 16/16 MP: 1/1
   100 | D:1      | Reached XP level 2. HP: 23/23 MP: 2/2
   358 | D:1      | Reached XP level 3. HP: 15/28 MP: 3/3
   586 | D:1      | Reached skill level 1 in Armour
  1261 | D:2      | Noticed Sigmund
  1667 | D:2      | Reached XP level 4. HP: 34/34 MP: 4/4
  2357 | D:3      | Noticed Terence
  2376 | D:3      | Killed Terence
  2376 | D:3      | Reached XP level 5. HP: 37/41 MP: 5/5
  2687 | D:3      | HP: 2/41 [orc/+0 hand axe (3)]
  2689 | D:3      | Slain by an orc

Levels and vault maps discovered:
D:1:      minmay_arrival_cross, layout_rooms, serial_bayou_crossing
D:2:      layout_basic, chequers_ecumenical_altar_lobes, minivault_25,
          uniq_sigmund
D:3:      layout_basic, uniq_terence, uniq_robin

Skill      XL: |  1  2  3  4 |
---------------+-------------+-----
Dodging        | 2 |  2.7
Armour         | 1 2 |  2.1
Fighting       | 3 |  3.3
Crossbows      | |  4.6
Stealth        | |  1.4

Action                   |  1- 3 |  4- 6 || total
-------------------------+-------+-------++-------
Melee: Short sword       |   110 |   117 ||   227
 Fire: Hand crossbow     |     5 |     2 ||     7
  Use: Potion            |       |     1 ||     1
 Stab: Sleeping          |     1 |     2 ||     3
  Eat: Chunk             |     2 |     4 ||     6
Armor: Leather armour    |    37 |    33 ||    70
Dodge: Dodged            |    84 |    63 ||   147

Table legend:
 A = Non-vault XP
 B = Vault XP
 C = Vault XP percentage of total XP
 D = Non-vault monster count
 E = Vault monster count
 F = Vault count percentage of total count
                 A         B        C        D         E       F
            +---------+---------+-------+---------+---------+-------
      Total |     137 |      36 |  20.8 |      54 |       1 |   1.8
            +---------+---------+-------+---------+---------+-------
        D:1 |      48 |       0 |   0.0 |      26 |       0 |   0.0
        D:2 |      33 |       0 |   0.0 |       8 |       0 |   0.0
        D:3 |      56 |      36 |  39.1 |      20 |       1 |   4.8
            +---------+---------+-------+---------+---------+-------
